 Dungeon Crawl Stone Soup version 0.23.2-1-ga50397a (webtiles) character file.

Game seed: 3250819801167718539

638 schauveau the Archer (level 7, -4/55 HPs)
             Began as a Centaur Hunter on May 6, 2019.
             Was a Follower of Okawaru.
             Slain by a killer bee (8 damage)
             ... on level 8 of the Dungeon.
             The game lasted 00:07:17 (4131 turns).

schauveau the Archer (Centaur Hunter)               Turns: 4131, Time: 00:07:18

Health: -4/55      AC:  4    Str: 15    XL:     7   Next: 25%
Magic:  16/16      EV:  9    Int: 10    God:    Okawaru [*.....]
Gold:   126        SH:  0    Dex: 11    Spells: 6/6 levels left

rFire    . . .     SeeInvis .   a - +1 shortbow
rCold    . . .     Gourm    .   (shield currently unavailable)
rNeg     . . .     Faith    .   c - +0 leather armour
rPois    .         Spirit   .   (no helmet)
rElec    .         Reflect  .   (no cloak)
rCorr    .         Harm     .   (no gloves)
MR       .....                  (no barding)
Stlth    +.........             (no amulet)
HPRegen  0.18/turn              h - ring of magical power
MPRegen  0.15/turn              p - ring of flight

@: lethally poisoned (-4 -> -8), about to teleport, very quick
A: large, hooves 3, deformed body, speed 2, tough skin 3
a: Heroism, Renounce Religion, Evoke Flight


You were on level 8 of the Dungeon.
You worshipped Okawaru.
Okawaru was aware of your devotion.
You were not hungry.

You visited 1 branch of the dungeon, and saw 6 of its levels.

You collected 126 gold pieces.

Inventory:

Hand Weapons
 a - a +1 shortbow (weapon)
 b - a +2 dagger of venom
 q - a +0 short sword
 u - a +3 dagger
Missiles
 d - 63 arrows (quivered)
 k - 31 poisoned needles
 n - 5 tomahawks
Armour
 c - a +0 leather armour (worn)
Jewellery
 h - a ring of magical power (left hand)
 p - a ring of flight (right hand)
Wands
 x - a wand of polymorph (8)
 B - a wand of flame (18)
Scrolls
 g - a scroll of immolation {unknown}
 l - 2 scrolls of magic mapping
 o - 4 scrolls of identify
 r - 2 scrolls of amnesia {unknown}
 t - 2 scrolls of teleportation
 v - a scroll of enchant armour {unknown}
 w - a scroll of remove curse {unknown}
 y - a scroll of blinking {unknown}
Potions
 e - a potion of heal wounds {unknown}
 i - 7 potions of curing
 j - a potion of degeneration {unknown}
 m - 2 potions of lignification {unknown}
 s - a potion of flight {unknown}
 z - a potion of might {unknown}
Comestibles
 f - 2 rations
 A - 7 chunks of flesh


   Skills:
 - Level 2.0 Fighting
 * Level 11.4 Bows
 - Level 1.3 Dodging
 - Level 0.4 Stealth


You had 6 spell levels left.
You didn't know any spells.
Your spell library contained the following spells:

 Spells                   Type           Power        Failure   Level  Hunger
 Leda's Liquefaction      Hex/Erth       #.........   99%         4    #####..
 Bolt of Magma            Conj/Fire/Erth #.........   100%        5    ######.
 Iron Shot                Conj/Erth      #.........   100%        6    #######
 Statue Form              Tmut/Erth      #........    100%        6    #######
 Shatter                  Erth           #.........   100%        9    #######


Dungeon Overview and Level Annotations

Branches:
Dungeon (5/15)             Temple (0/1) D:4

Altars:
Cheibriados
Okawaru
Vehumet

Shops:
D:8 !

Annotations:
D:5 Blork the orc


Innate Abilities, Weirdness & Mutations

You have hooves in place of feet.
Armour fits poorly on your strangely shaped body.
You cover ground very quickly.
You have extremely tough skin. (AC +3)


Message History

As you read the scroll labeled RUTSUA LEHAOKH, it crumbles to dust.
You feel strangely unstable.
It was a scroll of teleportation.
You feel sick.
The killer bee stings you but does no damage.
The killer bee closely misses you.
The killer bee stings you but does no damage.
The killer bee stings you. The killer bee barely misses you.
The killer bee stings you!
* * * LOW HITPOINT WARNING * * *
You are lethally poisoned!
The killer bee poisons you!
It was a potion of curing.
You feel better. The killer bee barely misses you. The killer bee stings you.
* * * LOW HITPOINT WARNING * * *
The killer bee stings you.
* * * LOW HITPOINT WARNING * * *
You are poisoned.
The killer bee poisons you! The killer bee stings you.
* * * LOW HITPOINT WARNING * * *
The killer bee stings you!
You die...

. #...... . .<..# .......
#...... #. #...##.#.#....
#..###.
#.##...##...#....##..###.
##..%..$...............##.
.............#.#####....÷.
#..............# #.....†#.
........##y....###.###..#.
..(....yy@...#.#..........
..##.#..##y...∩....##...##
.y...........#.##..##....#
..##.#.F##.........##....#
#...............##.....
#.#.#....#...........#.
#.#.#...........#. .
.................
#..#.#^...#.#.#..#.##


You could see 4 killer bees.

Vanquished Creatures
  An ice beast (D:8)
  An ogre (D:4)
  A howler monkey (D:4)
  A jelly (D:8)
  2 bullfrog skeletons
  3 orc wizards
  2 worker ants (D:4)
  A howler monkey skeleton (D:5)
  4 adders
  2 river rats (D:3)
  2 oozes
  5 worms
  A dart slug (D:4)
  6 leopard geckos
  17 orcs
  10 bats
  7 giant cockroaches
  3 goblins
  7 hobgoblins
  8 jackals
  4 kobolds
  2 quokkas (D:2)
  A ball python skeleton (D:4)
  5 frilled lizards
  A jackal skeleton (D:4)
  A leopard gecko skeleton (D:4)
  4 rats
102 creatures vanquished.

Notes
Turn   | Place    | Note
-------+----------+-------------------------------------------
     0 | D:1      | schauveau the Centaur Hunter began the quest for the Orb.
     0 | D:1      | Reached XP level 1. HP: 17/17 MP: 1/1
   154 | D:2      | Reached XP level 2. HP: 18/24 MP: 2/2
   167 | D:2      | Reached skill level 6 in Bows
   403 | D:2      | Reached XP level 3. HP: 20/29 MP: 3/3
   625 | D:2      | Reached skill level 7 in Bows
   963 | D:5      | Entered Level 5 of the Dungeon
  1158 | D:5      | Noticed Blork the orc
  1169 | D:4      | Reached XP level 4. HP: 27/36 MP: 4/4
  1253 | D:4      | Reached skill level 8 in Bows
  1272 | D:4      | Found a radiant altar of Vehumet.
  1311 | D:4      | Found an iron altar of Okawaru.
  1345 | D:4      | Became a worshipper of Warmaster Okawaru
  2002 | D:2      | Found a snail-covered altar of Cheibriados.
  2033 | D:2      | Reached XP level 5. HP: 41/41 MP: 5/5
  2628 | D:3      | Reached skill level 9 in Bows
  3058 | D:4      | Found a staircase to the Ecumenical Temple.
  3254 | D:4      | Noticed an ogre
  3267 | D:4      | Killed an ogre
  3267 | D:4      | Reached skill level 10 in Bows
  3267 | D:4      | Reached XP level 6. HP: 42/48 MP: 6/6
  3273 | D:4      | Reached * piety under Okawaru
  3881 | D:5      | You fall through a shaft for 3 floors!
  4040 | D:8      | Reached skill level 11 in Bows
  4040 | D:8      | Reached XP level 7. HP: 54/55 MP: 7/7
  4069 | D:8      | Found Xieli's Distillery.
  4131 | D:8      | Slain by a killer bee

Skill      XL: |  1  2  3  4  5  6 |
---------------+-------------------+-----
Bows           | 6 7 8 10 11 | 11.4
Fighting       | |  2.0
Dodging        | |  1.3
Stealth        | |  0.4

Action                   |  1- 3 |  4- 6 |  7- 9 || total
-------------------------+-------+-------+-------++-------
Melee: Short sword       |    60 |       |       ||    60
       Kick              |    10 |    42 |     1 ||    53
       Dagger            |     7 |   175 |     6 ||   188
 Fire: Shortbow          |    28 |    25 |    17 ||    70
  Use: Scroll            |       |       |     2 ||     2
       Potion            |       |       |     1 ||     1
  Eat: Chunk             |       |     7 |       ||     7
       Ration            |       |     1 |       ||     1
Armor: Leather armour    |    32 |    64 |     9 ||   105
Dodge: Dodged            |    50 |    87 |    19 ||   156
